 Dungeon Crawl Stone Soup version 0.17-a0-1069-g92ad481 (webtiles) character file.

305 Lugonue the Sneak (level 6, -1/45 HPs)
             Began as an Octopode Gladiator on May 17, 2015.
             Killed from afar by an orc wizard (7 damage)
             ... with a magic dart
             ... on level 4 of the Dungeon.
             The game lasted 00:07:05 (2600 turns).

Lugonue the Sneak (Octopode Gladiator)              Turns: 2600, Time: 00:07:05

Health: -1/45      AC:  3    Str: 15    XL:     6   Next: 39%
Magic:  6/6        EV: 14    Int: 17    God:
Gold:   100        SH:  0    Dex: 16    Spells: 0 memorised, 5 levels left

rFire  . . .     SeeInvis .     a - +2 quarterstaff
rCold  . . .     Clarity  .     (no shield)
rNeg   . . .     SustAb   .     b - +2 hat
rPois  .         Gourm    .     (no amulet)
rElec  .         Spirit   .     q - +4 ring of dexterity
rCorr  .         Warding  .     (no ring)
rMut   .         Stasis   .     (no ring)
MR     .....                    (no ring)
Stlth  ++++......               (no ring)
                                (no ring)
                                (no ring)
                                (no ring)

@: brilliant, not resistant to hostile enchantments, stealthy
A: almost no armour, amphibious, 8 rings, constrict 8, camouflage 1, gelatinous
body 1
a: no special abilities


You were on level 4 of the Dungeon.
You were not hungry.

You visited 1 branch of the dungeon, and saw 4 of its levels.

You collected 100 gold pieces.

Inventory:

Hand weapons
 a - a +2 quarterstaff (weapon)
 m - a +2 flail of holy wrath
Missiles
 c - 3 throwing nets
 n - a javelin (quivered)
Armour
 b - a +2 hat (worn)
Jewellery
 q - a +4 ring of dexterity (left tentacle)
Scrolls
 f - 2 scrolls of recharging
 j - a scroll of remove curse
 l - 2 scrolls of identify
Potions
 i - a potion of haste {unknown}
 k - a potion of degeneration {unknown}
 o - a potion of heal wounds {unknown}
 r - a potion of flight {unknown}
Comestibles
 d - 2 bread rations
 g - a meat ration
 t - a chunk of flesh


   Skills:
 + Level 4.8 Fighting
 - Level 3.0 Staves
 - Level 2.0 Throwing
 + Level 3.9 Dodging
 + Level 4.9 Stealth


You had 5 spell levels left.
You didn't know any spells.

Dungeon Overview and Level Annotations

Branches:
Dungeon (4/15)
 Temple: D:4-7

Altars:


Innate Abilities, Weirdness & Mutations

You cannot wear most types of armour.
You are amphibious.
You can wear up to eight rings at the same time.
You can use your tentacles to constrict eight enemies at once.
Your skin changes colour to match your surroundings (Stealth).
Your rubbery body absorbs attacks (AC +1).


Message History

You feel clever all of a sudden.
Drink which item? (? for menu, Esc to quit)
It was a potion of curing.
You feel better.
The orc wizard mumbles some strange words.
You feel a wave of unholy energy pass over you.
You hit the orc wizard. You grab the orc wizard.
The orc wizard is lightly wounded.
You constrict the orc wizard. The orc wizard hits you with a dagger.
* * * LOW HITPOINT WARNING * * *
You hit the orc wizard.
The orc wizard is moderately wounded.
You constrict the orc wizard. The orc wizard closely misses you.
The orc wizard hits you with a dagger.
* * * LOW HITPOINT WARNING * * *
You hit the orc wizard.
The orc wizard is severely wounded.
You constrict the orc wizard. The orc wizard barely misses you.
The orc wizard gestures at you while chanting.
The magic dart hits you!
You die...

.#
#....############.#.........##
##
#.o...........................
#..............##.#########.##
#...o......... #........#....
#..oo........ #..#####.##.#.
####.####### #.....##.##.#.
#.# #.....##.##.#.
#.############.....##.##.#.
#..oo.o..o@........##.##.##
#################.#...##.##.##
#... ..# #......'...+.......
####.# #.# #.####.#...##.##.##
.....# #.# #.#................
###..# #.# #.#.##.######.##.##
#..####.# #.#.##.# #.##.#
#.......#####.#.##.# #.##.#
#.......##....#.##.## ##.##.##


You could see an orc priest, 2 orc wizards and an orc.

Vanquished Creatures
  A scorpion (D:4)
  A hound (D:4)
  An iguana (D:4)
  2 worker ants (D:4)
  9 adders
  An adder skeleton (D:4)
  A giant gecko (D:1)
  6 orcs (D:3)
  8 bats
  5 giant cockroaches
  3 hobgoblins
  A quokka (D:2)
  2 ball pythons
  A giant gecko skeleton (D:4)
  5 giant newts
  9 goblins
  9 kobolds
  4 rats
69 creatures vanquished.

Notes
Turn   | Place    | Note
--------------------------------------------------------------
     0 | D:1      | Lugonue the Octopode Gladiator began the quest for the Orb.
     0 | D:1      | Reached XP level 1. HP: 14/14 MP: 1/1
   213 | D:1      | Reached XP level 2. HP: 17/20 MP: 2/2
   624 | D:2      | Reached skill level 1 in Stealth
   653 | D:2      | Reached XP level 3. HP: 19/26 MP: 3/3
  1320 | D:2      | Reached XP level 4. HP: 33/33 MP: 4/4
  1551 | D:3      | Reached skill level 4 in Fighting
  1907 | D:3      | Reached XP level 5. HP: 31/37 MP: 5/5
  2420 | D:4      | Reached XP level 6. HP: 44/44 MP: 6/6
  2600 | D:4      | Killed from afar by an orc wizard

Vault maps used:
D:1:      minmay_arrival_diagonal_passages
D:2:      first_bread

Action                   |  1- 3 |  4- 6 || total
-------------------------+-------+-------++-------
Melee: Quarterstaff      |    52 |    78 ||   130
Throw: Javelin           |       |     7 ||     7
  Use: Scroll            |       |    11 ||    11
       Potion            |       |     2 ||     2
 Stab: Sleeping          |     6 |     4 ||    10
       Distracted        |       |     1 ||     1
  Eat: Chunk             |     1 |     4 ||     5
